 Dungeon Crawl Stone Soup version 0.30-a0-587-gfd7c166f36 (webtiles) character file.

Game seed: 7186700289415683642

299 Bnni the Vexing (level 6, -4/46 HPs)
             Began as a Formicid Hexslinger on Jan 4, 2023.
             Slain by an orc priest
             ... wielding a +0 falchion
              (7 damage)
             ... on level 4 of the Dungeon.
             The game lasted 00:03:14 (2784 turns).

Bnni the Vexing (Formicid Hexslinger)               Turns: 2784, Time: 00:03:15

Health: -4/46      AC:  2    Str: 14    XL:     6   Next: 63%
Magic:  2/8        EV: 12    Int: 15    God:
Gold:   187        SH:  0    Dex: 14    Spells: 1/9 levels left

rFire   . . .      SeeInvis +    a - +1 sling
rCold   . . .      Faith    .    (no shield)
rNeg    . . .      Spirit   .    c - +0 robe
rPois   .          Reflect  .    (helmet unavailable)
rElec   .          Harm     .    (no cloak)
rCorr   .          Rampage  .    (no gloves)
Will    .....                    (no boots)
Stlth   +                        (no amulet)
HPRegen 0.27/turn                (no ring)
MPRegen 0.11/turn                (no ring)

@: no status effects
A: permanent stasis, dig shafts and tunnels, antennae 3, four strong arms, low
MP 1
a: Dig, Shaft Self


You were on level 4 of the Dungeon.
You visited 1 branch of the dungeon, and saw 4 of its levels.

You collected 187 gold pieces.

Inventory:

Hand Weapons
 a - a +1 sling (weapon)
Armour
 c - a +0 robe (worn)
Jewellery
 r - an amulet of the acrobat
 s - an amulet of regeneration
Wands
 t - a wand of quicksilver (7)
Scrolls
 b - 2 scrolls of poison
 d - 4 scrolls of identify {unknown}
 e - a scroll of silence {unknown}
 f - a scroll of immolation {unknown}
 j - 2 scrolls of enchant weapon {unknown}
 k - 2 scrolls of teleportation {unknown}
 l - a scroll of enchant armour {unknown}
 o - a scroll of magic mapping {unknown}
 q - a scroll of noise {unknown}
 v - a scroll of butterflies {unknown}
Potions
 h - 2 potions of curing {unknown}
 i - 2 potions of berserk rage {unknown}
 m - 3 potions of mutation
 n - a potion of attraction {unknown}
 p - a potion of cancellation {unknown}
 u - a potion of flight {unknown}
 w - 2 potions of brilliance {unknown}


   Skills:
 + Level 2.5 Fighting
 * Level 3.7 Ranged Weapons
 - Level 1.7 Dodging
 + Level 2.2 Spellcasting
 * Level 5.1 Hexes
 * Level 2.8 Fire Magic


You had one spell level left.
You knew the following spells:

 Your Spells              Type           Power      Damage    Failure   Level
a - Slow                  Hex            68%        N/A       2%          1
b - Inner Flame           Hex/Fire       13%        N/A       13%         3
d - Cause Fear            Hex            8%         N/A       26%         4

Your spell library contained the following spells:

 Spells                   Type           Power      Damage    Failure   Level
 Portal Projectile        Hex/Tloc       18%        N/A       22%         3
 Animate Dead             Necr           1%         N/A       91%         4
 Haunt                    Necr/Summ      0%         N/A       100%        7
 Infestation              Necr           0%         N/A       100%        8


Dungeon Overview and Level Annotations

Branches:
Dungeon (4/15)
 Temple: D:4-7

Altars:
Hepliaklqana

Shops:
D:2 ?


Innate Abilities, Weirdness & Mutations

You cannot be hasted, slowed, berserked, paralysed or teleported.
You can dig through walls and to a lower floor.
You have a pair of large antennae on your head. (SInv)
Your four strong arms can wield two-handed weapons with a shield.
Your magical capacity is low. (-10% MP)


Message History

Press: ? - help, Shift-Dir - straight line, f/p - orc priest
Aim: an orc priest, wielding a +0 falchion and wearing a +0 leather armour (chance to affect: 50%)
The orc priest resists with some effort.
The orc barely misses you.
The orc priest hits you with a +0 falchion.
Casting: Slow (safe; 2% risk of failure)
Confirm with . or Enter, or press ? or * to list all spells.
Aiming: Slow (safe; 2% risk of failure)
Press: ? - help, Shift-Dir - straight line, f/p - orc priest
Aim: an orc priest, wielding a +0 falchion and wearing a +0 leather armour (chance to affect: 50%)
The orc priest resists with some effort.
The orc hits you with a +0 club.
* * * LOW HITPOINT WARNING * * *
The orc priest hits you with a +0 falchion.
* * * LOW HITPOINT WARNING * * *
It was a potion of mutation.
You feel extremely strange.
You feel less energetic. The orc barely misses you. The orc priest misses you.
You shoot a sling bullet.
The sling bullet closely misses the orc priest.
The sling bullet hits the orc wizard!
The orc wizard is almost dead.
The orc hits you with a +0 club.
* * * LOW HITPOINT WARNING * * *
The orc priest looks satisfied for a moment.
Casting: Slow (safe; 2% risk of failure)
Confirm with . or Enter, or press ? or * to list all spells.
Aiming: Slow (safe; 2% risk of failure)
Press: ? - help, Shift-Dir - straight line, f/p - orc priest
Aim: an orc priest, wielding a +0 falchion and wearing a +0 leather armour (chance to affect: 50%)
The orc priest seems to slow down.
The orc closely misses you.
The orc priest hits you with a +0 falchion.
* * * LOW HITPOINT WARNING * * *
Okay, then.
It was a potion of haste.
Your stasis prevents you from being hasted.
The orc hits you with a +0 club.
* * * LOW HITPOINT WARNING * * *
The orc priest hits you with a +0 falchion!
You die...

.....##.### #. ...........##
#. .[.....>....# ..
.........#<.# #.
#.######.#..# #. #.# #.#..#
#. #.# #.#..# #o###.###
##.#..# ... #oo@o...#
#.....# ...( #####...#
#.....# ... #..## #.##..#
... ###..## #.##..# #.#
#.<.>.###.##..#
#.#######.###.........#
#.##......# #.#......##
#######.........###[#......#
.........#.####............#


You could see an orc priest (slow), an orc wizard (invisible) and 2 orcs.

Vanquished Creatures
  Sigmund (D:2)
  A scorpion (D:4)
  2 adders
  5 orcs
  8 ball pythons
  5 endoplasms
  3 hobgoblins
  5 jackals (D:2)
  7 kobolds
  3 quokkas (D:1)
  2 bats
  4 frilled lizards
  6 goblins
  3 rats (D:2)
55 creatures vanquished.

Notes
Turn   | Place    | Note
-------+----------+-------------------------------------------
     0 | D:1      | Bnni the Formicid Hexslinger began the quest for the Orb.
     0 | D:1      | Reached XP level 1. HP: 15/15 MP: 2/2
   273 | D:1      | Reached XP level 2. HP: 21/21 MP: 3/3
   658 | D:2      | Noticed Sigmund
   730 | D:2      | Reached skill level 4 in Hexes
   776 | D:2      | Reached skill level 1 in Fire Magic
   776 | D:2      | Reached XP level 3. HP: 26/26 MP: 4/4
   788 | D:2      | Learned a level 3 spell: Inner Flame
   848 | D:2      | Killed Sigmund
   849 | D:2      | Reached XP level 4. HP: 15/33 MP: 1/7
   849 | D:2      | Reached XP level 5. HP: 18/38 MP: 1/8
   910 | D:2      | Reached XP level 6. HP: 40/44 MP: 9/9
   952 | D:2      | Found a hazy altar of Hepliaklqana.
  1195 | D:2      | Found Curicudi's Magic Scroll Emporium.
  1527 | D:2      | Reached skill level 5 in Hexes
  1691 | D:3      | Learned a level 4 spell: Cause Fear
  2331 | D:3      | Found a faded altar of an unknown god.
  2781 | D:4      | Gained mutation: Your magical capacity is low. (-10% MP)
                  | [potion of mutation]
  2784 | D:4      | Slain by an orc priest

Illustrated notes

Levels and vault maps discovered:
D:1:      saegor_arrival_simple_e, layout_basic
D:2:      layout_basic, basic_altar, serial_shops, nicolae_shop_stone,
          dreamdust_princess_corridor, uniq_sigmund
D:3:      layout_loops_ring, shapermc_ecumenical_altar_hornbeckon,
          minmay_misc_feat_pillars
D:4:      wad_pebble_path, layout_loops_ring, uniq_natasha, uniq_robin

Skill      XL: |  1  2  3  4  5  6 |
---------------+-------------------+-----
Hexes          | 4 5 |  5.1
Fire Magic     | 1 2 |  2.8
Fighting       | 2 |  2.5
Ranged Weapons | 3 |  3.7
Spellcasting   | 2 |  2.2
Dodging        | |  1.7

Action                   |  1- 3 |  4- 6 || total
-------------------------+-------+-------++-------
 Fire: Sling             |    54 |   123 ||   177
 Cast: Inner Flame       |     1 |     1 ||     2
       Slow              |       |    10 ||    10
  Use: Potion            |       |     2 ||     2
Armor: Robe              |     6 |     9 ||    15
Dodge: Dodged            |    21 |    63 ||    84

Table legend: (Time is in decaauts)
 A = Elapsed time spent in this place.
 B = Non-inter-level travel time spent in this place.
 C = Inter-level travel time spent in this place.
 D = Time resting spent in this place.
 E = Time spent auto-exploring this place.
 F = Levels seen in this place.
 G = Mean time per level.
                   A        B        C        D        E       F      G
               +--------+--------+--------+--------+--------+-----+--------+
         Total |   2847 |   2612 |    235 |    215 |   2014 |   4 |  711.8 |
       Dungeon |   2847 |   2612 |    235 |    215 |   2014 |   4 |  711.8 |
               +--------+--------+--------+--------+--------+-----+--------+

Top non-repeatable levels by time:
     D:3: 887 daAuts
     D:2: 865 daAuts
     D:1: 772 daAuts
     D:4: 321 daAuts
